AoeStats
← juanjosealzueta

Acropolis

503525123Analyzed
1v1 RM · 1mo ago on Sep 1, 2026· 31m 31s· 2 players
Game mode
Random Map
Map size
Tiny (2 player)
Population
200
Speed
Normal
Resources
Standard
Victory
Conquest
Starting age
Dark Age
Ending age
Imperial Age
RankedLock teamsTeams togetherTeam positionsShared explorationLock speedFull tech treeHidden civsTurbo modeCheats
Victory
Defeat
🇺🇾 Sicilians · Uruguay
361
+14
🇦🇷 Vietnamese · Argentina
328
-14
juanjosealzueta
0:40 Loom
10:33 Feudal Age
13:23 Horse Collar
13:32 Double-Bit Axe
17:55 Gold Mining
17:55 Stone Mining
25:44 Castle Age
32:35 Imperial Age
31:13 Forging
ONLY FLANS
7:53 Loom
11:15 Feudal Age
15:08 Wheelbarrow
14:20 Town Watch
14:43 Horse Collar
17:07 Double-Bit Axe
23:46 Castle Age
22:01 Gold Mining
22:03 Stone Mining
24:51 Hand Cart
Connection lost

Rejoining the realm…

Still unreachable

The connection could not be restored.

Session expired

The server has moved on; the page needs a fresh start.